 Dungeon Crawl Stone Soup version 0.29.1-12-g30fa7ad0bf (webtiles) character file.

Game seed: 14198011616587366449

52 ChrisAssaf the Sneak (level 3, 0/18 HPs)
             Began as a Vampire Brigand on Dec 16, 2022.
             Was an Initiate of Yredelemnul.
             Slain by a goblin
             ... wielding a +0 club
             ... led by Robin
              (3 damage)
             ... on level 2 of the Dungeon.
             The game lasted 00:08:05 (1679 turns).

ChrisAssaf the Sneak (Vampire Brigand)              Turns: 1679, Time: 00:08:08

Health: 0/18       AC:  3    Str: 10    XL:     3   Next: 60%
Magic:  1/3        EV: 12    Int: 15    God:    Yredelemnul [......]
Gold:   79         SH:  0    Dex: 15    Spells: 1/3 levels left

rFire   + . .      SeeInvis +   a - +2 dagger
rCold   + . .      Faith    .   (no shield)
rNeg    . . .      Spirit   .   b - +0 robe
rPois   +          Reflect  .   (no helmet)
rElec   +          Harm     .   c - +0 cloak
rCorr   +          Rampage  .   (no gloves)
Will    .....                   (no boots)
Stlth   +++.......              (no amulet)
HPRegen 0.26/turn               (no ring)
MPRegen 0.08/turn               (no ring)

@: mighty, resistant, attractive, on blink cooldown, healing quickly
A: alive, fangs 3, see invisible, vampiric 2, [frail 3]
a: Exsanguinate, Renounce Religion, Recall Undead Harvest


You were on level 2 of the Dungeon.
You worshipped Yredelemnul.
Yredelemnul was noncommittal.
You visited 1 branch of the dungeon, and saw 2 of its levels.

You collected 79 gold pieces.

Inventory:

Hand Weapons
 a - a +2 dagger (weapon)
Missiles
 d - 7 poisoned darts (quivered)
Armour
 b - a +0 robe (worn)
 c - a +0 cloak (worn)
Jewellery
 g - a ring of poison resistance
Scrolls
 h - a scroll of identify {unknown}


   Skills:
 * Level 2.0 Fighting
 * Level 2.4 Short Blades
 * Level 1.7 Throwing
 * Level 0.2 Armour
 * Level 1.4 Dodging
 * Level 7.0 Stealth
 * Level 0.5 Spellcasting
 * Level 0.3 Translocations


You had one spell level left.
You knew the following spells:

 Your Spells              Type           Power      Damage    Failure   Level
a - Blink                 Tloc           2%         N/A       34%         2

Your spell library contained the following spells:

 Spells                   Type           Power      Damage    Failure   Level
 Lesser Beckoning         Tloc           1%         N/A       56%         3
 Manifold Assault         Tloc           1%         N/A       99%         5


Dungeon Overview and Level Annotations

Branches:
Dungeon (2/15)

Altars:
Yredelemnul

Annotations:
D:2 Robin


Innate Abilities, Weirdness & Mutations

Your natural rate of healing is accelerated.
You have razor-sharp teeth.
You have supernaturally acute eyesight. (SInv)
You are afflicted with vampirism and can become a bat while bloodless.
[You are extremely frail. (-30% HP)]


Message History

Robin completely misses you.
You barely miss Robin.
Robin is moderately wounded.
Robin hits you with a +5 club. The goblin hits you with a +0 dagger.
You hit Robin.
Robin is severely wounded.
Robin closely misses you. The goblin closely misses you.
You swap places.
Robin looks more healthy.
Robin throws the goblin at you! The goblin hits you with a +0 dagger.
Your endoplasm zombie barely misses Robin.
The goblin closely misses you.
Robin hits your endoplasm zombie with a +5 club.
The hobgoblin hits your endoplasm zombie.
Your endoplasm zombie is destroyed!
The goblin hits you but does no damage. Robin throws the goblin at you!
Casting: Blink (extremely dangerous; 34% risk of failure)
Confirm with . or Enter, or press ? or * to list all spells.
The spell is extremely dangerous to miscast (34% risk of failure)!
Continue anyway?
Okay, then.
Casting: Blink (extremely dangerous; 34% risk of failure)
Confirm with . or Enter, or press ? or * to list all spells.
The spell is extremely dangerous to miscast (34% risk of failure)!
Continue anyway?
You blink.
A rat comes into view.
It was a potion of might.
You feel very mighty all of a sudden.
The goblin no longer looks unusually strong.
The rat closely misses you.
You closely miss the rat. Your punch misses the rat. You bite the rat.
You kill the rat!
It was a potion of resistance.
You feel protected. The goblin misses you.
It was a potion of attraction.
You feel attractive to monsters. Robin throws the goblin at you!
The goblin hits you with a +0 club.
* * * LOW HITPOINT WARNING * * *
The goblin hits you with a +0 club.
You die...
Yredelemnul claims you as an undead slave.

.) .....#.##### # #.
.....#.# ## ##
...###.## ##.## # ##
#...# ##...## .#
#...###.....###.
#...##..........
#...##.......###
######...##.#...#.# #
#...@g.........##.# #
.......gg.........##.#
#
..#..............###.#
#
#.#####g..##>......###
# #...########..##
#...# ##.## ###.g.##
#.# #...g..# #.#
#.##.#.# #.#


You could see Robin, a hobgoblin and 4 goblins.

Vanquished Creatures
  A gnoll (D:1)
  A worm (D:2)
  A dart slug (D:1)
  3 bats (D:1)
  4 endoplasms
  4 giant cockroaches (D:1)
  4 hobgoblins (D:1)
  3 jackals (D:1)
  A quokka (D:1)
  4 ball pythons (D:1)
  2 kobolds (D:1)
  7 rats
35 creatures vanquished.

Vanquished Creatures (others)
  An endoplasm zombie (D:2)
  A rat zombie (D:2)
2 creatures vanquished.

Grand Total: 37 creatures vanquished

Notes
Turn   | Place    | Note
-------+----------+-------------------------------------------
     0 | D:1      | ChrisAssaf the Vampire Brigand began the quest for the Orb.
     0 | D:1      | Reached XP level 1. HP: 16/16 MP: 1/1
    50 | D:1      | You fall into a shaft and drop 1 floor!
    84 | D:1      | Reached skill level 6 in Stealth
   402 | D:1      | Reached XP level 2. HP: 19/19 MP: 2/2
   635 | D:1      | Gained mutation: You are afflicted with vampirism and can
                  | become a bat while bloodless. [Vampire growth]
   635 | D:1      | Reached XP level 3. HP: 21/21 MP: 3/3
   638 | D:1      | Learned a level 2 spell: Blink
  1381 | D:2      | Noticed Robin
  1472 | D:2      | Found a basalt altar of Yredelemnul.
  1508 | D:2      | Became a worshipper of Yredelemnul the Dark
  1659 | D:2      | Reached skill level 7 in Stealth
  1679 | D:2      | Slain by a goblin

Illustrated notes

Levels and vault maps discovered:
D:1:      minmay_arrival_semitransparent, layout_loops_corners
D:2:      layout_loops_cross, basic_altar, dreamdust_princess_bridge, uniq_robin

Skill      XL: |  1  2  3 |
---------------+----------+-----
Stealth        | 6 7 |  7.0
Fighting       | 2 |  2.0
Short Blades   | |  2.4
Throwing       | |  1.7
Armour         | |  0.2
Dodging        | |  1.4
Spellcasting   | |  0.5
Translocations | |  0.3

Action                   || total
-------------------------++-------
Melee: Dagger            ||    80
       Bite              ||     9
       Punch             ||     1
Throw: Dart              ||    16
 Cast: Blink             ||     1
 Abil: Exsanguinate      ||     3
       Revivify          ||     3
  Use: Potion            ||     3
 Stab: Sleeping          ||    13
Armor: Robe              ||    18
Dodge: Dodged            ||    46
